[Event "Titled Tuesday Blitz July 25 Early 2023"]
[White "Reprintsev, Alexander"]
[Black "Joshi, Pankaj"]
[WhiteFideId "14100541"]
[BlackFideId "5006210"]
[WhiteElo "2437"]
[BlackElo "2274"]
[Result "1-0"]
[Round "10"]
[TimeControl "180+2"]
[Date "2023.07.25"]
[WhiteClock "0:00:33"]
[BlackClock "0:00:00"]
[Board "123"]

1. e4 c5 2. b3 d5 3. exd5 Qxd5 4. Nc3 Qd8 5. Bb2 Nf6 6. Qe2 Nc6 7. O-O-O Bg4 8. f3 Nd4 9. Qe5 Bf5 10. Bb5+ Bd7 11. Qxc5 Nxb5 12. Nxb5 Rc8 13. Qe5 Qb6 14. Nc3 e6 15. Nh3 Bd6 16. Qg5 O-O 17. Ne4 Ne8 18. Bxg7 Nxg7 19. Nf6+ Kh8 20. Qh6 Rxc2+ 21. Kxc2 Qc5+ 22. Kb1 Qf5+ 23. d3 Bb5 24. Ne4 Ba3 25. Nhg5 f6 26. g4 Qg6 27. Qxg6 hxg6 28. Nh3 Rd8 29. d4 Bc6 30. Nf4 g5 31. Nh5 Nxh5 32. gxh5 Kg7 33. h4 gxh4 34. Rxh4 f5 35. h6+ Kh8 36. Ng5 Be7 37. Nf7+ 1-0


[Site "https://www.chess.com"]

[Event "Titled Tuesday Blitz July 25 Early 2023"]
[White "Rakitic2010"]
[Black "Smietanska, Wiktoria"]
[BlackFideId "21869359"]
[WhiteElo "2435"]
[BlackElo "2256"]
[Result "1-0"]
[Round "10"]
[TimeControl "180+2"]
[Date "2023.07.25"]
[WhiteClock "0:01:26"]
[BlackClock "0:00:04"]
[Board "124"]

1. e4 c5 2. Nf3 d6 3. c3 Nf6 4. h3 Nc6 5. d4 cxd4 6. cxd4 g6 7. Nc3 Bg7 8. Be2 O-O 9. O-O a6 10. Be3 b5 11. Rc1 Bb7 12. d5 Nb8 13. b4 Nbd7 14. a3 Rc8 15. Nd4 Nb6 16. f3 Nc4 17. Bxc4 Rxc4 18. Qd3 Nd7 19. Rc2 Ne5 20. Qe2 Qc7 21. Rfc1 Rc8 22. f4 Nd7 23. Qd3 Nb6 24. Kh1 Qd8 25. Kh2 R8c7 26. Ne6 fxe6 27. Bxb6 Rxc3 28. Bxc7 Rxd3 29. Bxd8 exd5 30. Rc7 Ba8 31. Ra7 dxe4 32. Rxa8 Kf7 33. Ra7 Bf6 34. Bxe7 Bxe7 35. Rcc7 e3 36. Rxe7+ Kf6 37. g4 d5 38. Re5 h6 39. Rae7 d4 40. R5e6# 1-0


[Site "https://www.chess.com"]

[Event "Titled Tuesday Blitz July 25 Early 2023"]
[White "Bendayan Claros, Aaron"]
[Black "Francisco_Ferrari"]
[WhiteFideId "3803392"]
[WhiteElo "2434"]
[BlackElo "2207"]
[Result "1-0"]
[Round "10"]
[TimeControl "180+2"]
[Date "2023.07.25"]
[WhiteClock "0:00:18"]
[BlackClock "0:00:05"]
[Board "125"]

1. d4 d5 2. Nf3 Nf6 3. e3 e6 4. Bd3 Bd6 5. Nbd2 c5 6. b3 Nc6 7. Bb2 Qc7 8. a3 cxd4 9. exd4 a6 10. O-O g5 11. Qe2 Bd7 12. Ne5 O-O-O 13. Nxf7 Bxh2+ 14. Kh1 h5 15. Nxd8 Nxd8 16. Nf3 Ng4 17. c4 Rf8 18. cxd5 Kb8 19. Rac1 Qd6 20. Ne5 exd5 21. f3 Bg3 22. Kg1 Nh2 23. Rfe1 g4 24. Bc3 gxf3 25. Nxf3 Bg4 26. Bb4 Qb6 27. Bc5 Qf6 28. Bxf8 Bxf3 29. gxf3 Qxd4+ 30. Kg2 Bxe1 31. Rxe1 Qh4 32. Qe5+ Ka8 33. Qg3 Qd4 34. Kxh2 Qxd3 35. Re8 Qd2+ 36. Kh3 Ka7 37. Rxd8 Qd3 38. Bc5+ b6 39. Qc7# 1-0


[Site "https://www.chess.com"]

[Event "Titled Tuesday Blitz July 25 Early 2023"]
[White "Ganiev, Roman"]
[Black "Kiseleva, Arina"]
[WhiteFideId "4131452"]
[BlackFideId "4164989"]
[WhiteElo "2580"]
[BlackElo "2237"]
[Result "1/2-1/2"]
[Round "10"]
[TimeControl "180+2"]
[Date "2023.07.25"]
[WhiteClock "0:00:06"]
[BlackClock "0:00:03"]
[Board "126"]

1. e4 c6 2. d4 d5 3. Nc3 dxe4 4. Nxe4 Nf6 5. Nxf6+ exf6 6. c3 Bd6 7. Bd3 Na6 8. Ne2 h5 9. O-O Nc7 10. Bf4 Nd5 11. Bxd6 Qxd6 12. Re1 Kf8 13. Ng3 g6 14. Ne4 Qd8 15. Qf3 Bf5 16. Nc5 Bxd3 17. Nxd3 Kg7 18. Nc5 b6 19. Ne4 f5 20. Ng3 h4 21. Nf1 h3 22. g3 Qd6 23. c4 Nb4 24. Qc3 a5 25. a3 Na6 26. Rad1 Qf6 27. Qf3 Rac8 28. Ne3 Rhd8 29. Qf4 Nc7 30. d5 cxd5 31. cxd5 Ne8 32. b4 axb4 33. axb4 Nd6 34. Rc1 g5 35. Qf3 Rxc1 36. Rxc1 Qb2 37. Rd1 Qxb4 38. Nxf5+ Nxf5 39. Qxf5 f6 40. Qxh3 Qc5 41. Qf5 b5 42. h4 gxh4 43. gxh4 b4 44. h5 Kf7 45. Qg6+ Ke7 46. Re1+ Kd7 47. Qf5+ Kc7 48. Rd1 Rg8+ 49. Kh1 Qc4 50. d6+ Kb7 51. Qd5+ Qxd5+ 52. Rxd5 Kc6 53. Rd3 Rd8 54. Rd4 Kc5 55. Rd3 Rxd6 56. Rxd6 Kxd6 57. h6 b3 58. h7 b2 59. h8=Q b1=Q+ 60. Kg2 Qe4+ 61. Kg1 Qe1+ 62. Kg2 Qe4+ 63. Kf1 Qd3+ 64. Kg1 Qd1+ 65. Kh2 Qd5 66. Qxf6+ Kc5 67. Qc3+ Kd6 68. Kg3 Ke6 69. Qe3+ Kf6 70. f4 Qf5 71. Qd4+ Kg6 72. Qd6+ Qf6 73. Qd5 Qf5 74. Qg8+ Kf6 75. Qf8+ Kg6 76. Qa3 Kf6 77. Qe3 Kg6 78. Qe5 Qxe5 79. fxe5 Kf5 80. e6 Kxe6 1/2-1/2


[Site "https://www.chess.com"]

[Event "Titled Tuesday Blitz July 25 Early 2023"]
[White "Ionescu, Mihai"]
[Black "Timerkhanov, Alexander"]
[WhiteFideId "1202499"]
[BlackFideId "24177938"]
[WhiteElo "2421"]
[BlackElo "2644"]
[Result "0-1"]
[Round "10"]
[TimeControl "180+2"]
[Date "2023.07.25"]
[WhiteClock "0:00:00"]
[BlackClock "0:01:24"]
[Board "127"]

1. Nf3 d5 2. g3 Bg4 3. Bg2 c6 4. O-O Nd7 5. d3 e6 6. Nfd2 Bd6 7. Qe1 Ne7 8. e4 Qc7 9. Kh1 Bh5 10. f4 f6 11. d4 e5 12. fxe5 fxe5 13. exd5 cxd5 14. dxe5 Nxe5 15. Nc3 a6 16. Nxd5 Nxd5 17. Bxd5 O-O-O 18. c4 Rhe8 19. Qf2 Bg4 20. Qa7 Bc5 21. Qa8+ Qb8 22. Bxb7+ Kc7 23. Qxb8+ Kxb8 24. Bg2 Be2 25. Rf5 g6 26. Rf6 Ng4 27. Ne4 Rd1+ 0-1


[Site "https://www.chess.com"]

[Event "Titled Tuesday Blitz July 25 Early 2023"]
[White "Sadykov, Ramil"]
[Black "Bueno, Alfeu Junior Varela"]
[WhiteFideId "24113590"]
[BlackFideId "2108879"]
[WhiteElo "2548"]
[BlackElo "2395"]
[Result "1-0"]
[Round "10"]
[TimeControl "180+2"]
[Date "2023.07.25"]
[WhiteClock "0:00:54"]
[BlackClock "0:00:00"]
[Board "128"]

1. d4 e6 2. e4 d5 3. e5 c5 4. c3 Nc6 5. Nf3 Bd7 6. a3 Rc8 7. b4 cxd4 8. cxd4 Qb6 9. Bb2 Na5 10. Nbd2 Nc4 11. Nxc4 dxc4 12. Rc1 Bb5 13. d5 a5 14. d6 axb4 15. axb4 Nh6 16. Qd4 Qa6 17. g4 g6 18. Nd2 Bg7 19. d7+ Bxd7 20. Nxc4 O-O 21. Qxd7 Rfd8 22. b5 Qa7 23. b6 Qa2 24. Qxb7 Nxg4 25. Be2 Rxc4 26. Rxc4 Qxb2 27. O-O Nxe5 28. Rc8 1-0


[Site "https://www.chess.com"]

[Event "Titled Tuesday Blitz July 25 Early 2023"]
[White "Tarasova, Viktoriya"]
[Black "Galiot, Goran"]
[WhiteFideId "4175840"]
[BlackFideId "931560"]
[WhiteElo "2385"]
[BlackElo "2533"]
[Result "0-1"]
[Round "10"]
[TimeControl "180+2"]
[Date "2023.07.25"]
[WhiteClock "0:00:00"]
[BlackClock "0:00:18"]
[Board "129"]

1. d4 Nf6 2. c4 g6 3. Nc3 Bg7 4. e4 d6 5. h3 O-O 6. Be3 Nfd7 7. Be2 e5 8. d5 a5 9. g4 Na6 10. Nf3 Ndc5 11. g5 f5 12. gxf6 Qxf6 13. a3 Bd7 14. Qc2 a4 15. O-O-O Nb3+ 16. Kb1 Nac5 17. h4 Bg4 18. Ng5 Bxe2 19. Qxe2 Nd4 20. Qg4 h6 21. Nh3 Nf3 22. Ng1 Kh7 23. Rh3 Nd4 24. Nge2 h5 25. Qg2 Nxe2 26. Nxe2 Bh6 27. Rg1 Bxe3 28. fxe3 Rf7 29. Rg3 Rg8 30. Nc3 Qf2 31. Qh3 Qd2 32. R3g2 Rf2 33. Rxf2 Qxf2 34. Qg3 Qxg3 35. Rxg3 Rf8 36. Rg2 Rf3 37. Nb5 Na6 0-1


[Site "https://www.chess.com"]

[Event "Titled Tuesday Blitz July 25 Early 2023"]
[White "Topalov, Aleksandar"]
[Black "Fiorito, Francisco"]
[WhiteFideId "925659"]
[BlackFideId "180165"]
[WhiteElo "2370"]
[BlackElo "2527"]
[Result "0-1"]
[Round "10"]
[TimeControl "180+2"]
[Date "2023.07.25"]
[WhiteClock "0:00:02"]
[BlackClock "0:00:22"]
[Board "130"]

1. b3 Nf6 2. Bb2 g6 3. Bxf6 exf6 4. c4 Bg7 5. Nc3 O-O 6. e3 f5 7. Nge2 d6 8. g3 Nd7 9. Bg2 h5 10. O-O Re8 11. Rb1 c6 12. b4 Nf6 13. d3 h4 14. b5 Bd7 15. bxc6 bxc6 16. Qa4 Qc7 17. Qa6 Reb8 18. Nd4 Rxb1 19. Rxb1 Ng4 20. Qb7 Rc8 21. Qxc7 Rxc7 22. Rb8+ Kh7 23. gxh4 Ne5 24. Bf1 a6 25. f4 Ng4 26. Nd1 Nxe3 27. Nxe3 Bxd4 28. Kf2 Be6 29. Kf3 Re7 30. Nc2 Ba7 31. Rd8 d5 32. Rd6 dxc4 33. dxc4 Bc8 34. Bd3 Bb7 35. h5 Bb8 36. hxg6+ fxg6 37. Rd4 c5+ 38. Rd5 a5 39. Ne3 Bd6 40. Bc2 Rc7 41. h4 Bxd5+ 42. Nxd5 Rb7 43. Bb3 Kh6 44. Kg3 Ra7 45. Ba4 Ra8 46. Bb5 a4 47. a3 Bf8 48. Kf3 Bg7 49. Kg3 Bb2 50. Nb6 Rd8 51. Nxa4 Bxa3 52. Nb6 Rd3+ 53. Kf2 Bc1 54. Nd5 Rh3 55. Be8 Rxh4 56. Kf3 Rh3+ 57. Kg2 Rb3 58. Ne7 Bxf4 59. Nxg6 Rg3+ 60. Kf2 Rxg6 61. Bxg6 Kxg6 62. Kf3 Be5 0-1


[Site "https://www.chess.com"]

[Event "Titled Tuesday Blitz July 25 Early 2023"]
[White "Alahakoon, Isuru"]
[Black "marik_spb"]
[WhiteFideId "9900993"]
[WhiteElo "2343"]
[BlackElo "2473"]
[Result "0-1"]
[Round "10"]
[TimeControl "180+2"]
[Date "2023.07.25"]
[WhiteClock "0:00:00"]
[BlackClock "0:01:00"]
[Board "131"]

1. Nf3 Nf6 2. d4 g6 3. Nc3 Bg7 4. e4 d6 5. Bf4 O-O 6. Qd2 c5 7. dxc5 dxc5 8. O-O-O Qxd2+ 9. Rxd2 Nc6 10. h3 Nh5 11. Be3 Bxc3 12. bxc3 b6 13. Bb5 Na5 14. e5 Bb7 15. Rd7 Bc6 16. Bxc6 Nxc6 17. g4 Ng7 18. Rhd1 Ne6 19. Ng5 Nxe5 20. Rxe7 Rfe8 21. Rxe8+ Rxe8 22. Ne4 Rd8 23. Rxd8+ Nxd8 24. Bf4 Nc4 25. Nf6+ Kg7 26. Nd5 f5 27. a4 fxg4 28. hxg4 h5 29. gxh5 gxh5 30. Bg3 Kg6 31. Nf4+ Kg5 32. Ng2 Kg4 33. Nh4 Ne6 34. Ng6 Ng5 0-1


[Site "https://www.chess.com"]

[Event "Titled Tuesday Blitz July 25 Early 2023"]
[White "Sriniaiyer, Sudarshan"]
[Black "LangesNasenhaar"]
[WhiteFideId "30937213"]
[WhiteElo "2339"]
[BlackElo "2472"]
[Result "1-0"]
[Round "10"]
[TimeControl "180+2"]
[Date "2023.07.25"]
[WhiteClock "0:00:15"]
[BlackClock "0:00:25"]
[Board "132"]

1. c4 g6 2. d4 Bg7 3. e4 d6 4. Nc3 e5 5. Nf3 exd4 6. Nxd4 Ne7 7. Be2 Nbc6 8. Be3 O-O 9. O-O f5 10. Qd2 f4 11. Nxc6 fxe3 12. Nxe7+ Qxe7 13. Qxe3 c6 14. Rad1 Be6 15. b3 b6 16. h3 Rad8 17. Rd3 h6 18. Rfd1 Kh7 19. Bg4 Bg8 20. Ne2 Be5 21. f4 Bg7 22. f5 g5 23. Bh5 Kh8 24. Nd4 Be5 25. Nxc6 Qf6 26. Nxd8 Rxd8 27. Be2 a5 28. Qf3 Bf7 29. Qf2 Rb8 30. Bf3 Kg7 31. Qe2 a4 32. Bh5 Bg8 33. Bg6 Rb7 34. Qd2 Rd7 35. Qb4 axb3 36. axb3 g4 37. Qxb6 g3 38. c5 Qh4 39. c6 Re7 40. c7 Kf6 41. c8=Q Qxe4 42. Qf8+ Kg5 43. Qxe7+ Bf6 44. Qxe4 1-0


[Site "https://www.chess.com"]

[Event "Titled Tuesday Blitz July 25 Early 2023"]
[White "Tikhonov, Viacheslav"]
[Black "Araujo Filho, Luiz Antonio Coel"]
[WhiteFideId "44196407"]
[BlackFideId "2130661"]
[WhiteElo "2470"]
[BlackElo "2287"]
[Result "1-0"]
[Round "10"]
[TimeControl "180+2"]
[Date "2023.07.25"]
[WhiteClock "0:00:11"]
[BlackClock "0:00:00"]
[Board "133"]

1. d4 f5 2. c4 Nf6 3. Nf3 g6 4. g3 Bg7 5. Bg2 O-O 6. O-O d6 7. Nc3 Nc6 8. Re1 e5 9. dxe5 dxe5 10. e4 Qxd1 11. Rxd1 fxe4 12. Ng5 Bg4 13. Rf1 Bf3 14. Nxf3 exf3 15. Bxf3 Nd4 16. Bxb7 Rab8 17. Bg2 Nc2 18. Rb1 Nd7 19. Nd5 Na3 20. Ra1 Nc2 21. Bh3 Nc5 22. Be3 Nxe3 23. Nxe3 Rxb2 24. Rad1 Rxa2 25. Nd5 Ne4 26. Bg2 Nxf2 27. Ra1 Rxa1 28. Rxa1 e4 29. Rxa7 Bd4 30. Rxc7 Ng4+ 31. Kh1 Nf2+ 32. Kg1 Ra8 33. Nf6+ Bxf6 34. Kxf2 Ra2+ 35. Kf1 e3 36. Bd5+ Kh8 37. Rc8+ Kg7 38. Re8 1-0


[Site "https://www.chess.com"]

[Event "Titled Tuesday Blitz July 25 Early 2023"]
[White "Akylbek2021"]
[Black "Kohler, Aran"]
[BlackFideId "1002856"]
[WhiteElo "2447"]
[BlackElo "2267"]
[Result "1-0"]
[Round "10"]
[TimeControl "180+2"]
[Date "2023.07.25"]
[WhiteClock "0:00:18"]
[BlackClock "0:00:32"]
[Board "134"]

1. d4 d5 2. c4 c6 3. Nf3 Nf6 4. Qc2 e6 5. g3 Nbd7 6. Bg2 Bb4+ 7. Bd2 a5 8. O-O O-O 9. a3 Be7 10. Bf4 Ne4 11. Nbd2 f5 12. Ne5 Nxe5 13. Bxe5 Nxd2 14. Qxd2 Bd6 15. Bxd6 Qxd6 16. b3 dxc4 17. bxc4 Bd7 18. c5 Qc7 19. Rab1 h6 20. Rb6 Ra7 21. Rfb1 Kh8 22. Qf4 Qxf4 23. gxf4 Bc8 24. a4 Rd8 25. e3 Kg8 26. Kf1 Kf8 27. Ke2 Ke7 28. Kd3 g5 29. Kc4 Kd7 30. h4 gxh4 31. Rh1 Rg8 32. Bf3 Kc7 33. Rxh4 Rg6 34. Rb1 Bd7 35. Rbh1 Ra8 36. Rxh6 Rag8 37. Kd3 Rg1 38. e4 Rxh1 39. Rxh1 Rf8 40. Rh7 fxe4+ 41. Kxe4 Kd8 42. Bg4 Rg8 43. f3 Re8 44. Ke5 Re7 45. Rh6 Kc7 46. Bxe6 b5 47. cxb6+ Kxb6 48. f5 c5 49. Kd6 1-0


[Site "https://www.chess.com"]

[Event "Titled Tuesday Blitz July 25 Early 2023"]
[White "Vivas Zamora, Fabian Ernesto"]
[Black "Fernandez Siles, Luis"]
[WhiteFideId "3902480"]
[BlackFideId "2209420"]
[WhiteElo "2427"]
[BlackElo "2313"]
[Result "0-1"]
[Round "10"]
[TimeControl "180+2"]
[Date "2023.07.25"]
[WhiteClock "0:00:00"]
[BlackClock "0:00:03"]
[Board "135"]

1. e4 c5 2. Nc3 Nc6 3. Bb5 Nd4 4. Nf3 g6 5. Bc4 Bg7 6. Nxd4 cxd4 7. Qf3 Nh6 8. Ne2 O-O 9. h3 e6 10. d3 f5 11. Qg3 fxe4 12. dxe4 Nf7 13. f4 d5 14. exd5 exd5 15. Bd3 Nd6 16. O-O Ne4 17. Qf3 Bf5 18. g4 Bd7 19. Ng3 Bc6 20. Nxe4 dxe4 21. Bxe4 Bxe4 22. Qxe4 Qh4 23. Kg2 Rae8 24. Qd3 Re6 25. Bd2 Rfe8 26. Qg3 Qe7 27. Rae1 Re2+ 28. Kg1 Qc5 29. Rxe2 Rxe2 30. Qd3 Qe7 31. Bb4 Qe6 32. a3 b6 33. Qb3 Qxb3 34. cxb3 Rxb2 35. Rd1 Rxb3 36. Kf2 a5 37. Bd6 Kf7 38. Bc7 Ke6 39. Re1+ Kd5 40. Re7 Bf8 41. Rxh7 d3 42. Rd7+ Kc4 43. Be5 Bc5+ 44. Kf3 d2+ 45. Ke2 Rxa3 46. Rxd2 Rxh3 47. Rc2+ Kd5 48. Rd2+ Ke4 49. Rd8 Rh2+ 50. Kd1 a4 51. Bc7 a3 52. f5 a2 53. Ra8 a1=Q+ 54. Rxa1 Rh1+ 55. Kc2 Rxa1 56. fxg6 Rg1 0-1


[Site "https://www.chess.com"]

[Event "Titled Tuesday Blitz July 25 Early 2023"]
[White "Krzywda, Andrzej"]
[Black "Feliz Dotel, Dewar Bienvenido"]
[WhiteFideId "1114565"]
[BlackFideId "6402801"]
[WhiteElo "2424"]
[BlackElo "2098"]
[Result "1-0"]
[Round "10"]
[TimeControl "180+2"]
[Date "2023.07.25"]
[WhiteClock "0:00:03"]
[BlackClock "0:00:00"]
[Board "136"]

1. e4 e5 2. Nf3 Nc6 3. Bb5 Nf6 4. d3 Ne7 5. O-O c6 6. Bc4 Ng6 7. Bb3 Be7 8. Re1 O-O 9. d4 d6 10. Nc3 b5 11. h3 a5 12. a4 b4 13. Nb1 Ba6 14. c4 bxc3 15. Nxc3 exd4 16. Nxd4 Re8 17. Nxc6 Qc8 18. Nxe7+ Rxe7 19. Bg5 Rb8 20. Bxf6 gxf6 21. Nd5 Reb7 22. Rc1 Qd8 23. Bc2 Rxb2 24. Qf3 Kg7 25. g3 Bc4 26. Ne3 Be6 27. Qh5 Qd7 28. f4 Bb3 29. Nf5+ Kh8 30. Qh6 Rg8 31. Bxb3 Rxb3 32. Rc2 Qd8 33. Kh2 Qb6 34. Rd1 Rb2 35. Rdd2 Rxc2 36. Rxc2 Qb3 37. Rg2 Qxa4 38. Nxd6 Qd7 39. e5 fxe5 40. fxe5 Nxe5 41. Qf6+ Rg7 42. Qxe5 f6 43. Qe8+ Qxe8 44. Nxe8 Rf7 45. Ra2 Rf8 46. Nd6 Ra8 47. Ne4 f5 48. Nc5 Kg7 49. Kg2 Kf6 50. Kf3 Ke5 51. Ra4 Kd5 52. Nb7 Rb8 53. Nxa5 Rb1 54. Ra3 h5 55. Nb3 Ke5 56. Nd2 Rb2 57. Ra5+ Kf6 58. Nc4 Rb3+ 59. Kf2 Rb4 60. Rc5 h4 61. gxh4 Kg6 62. Kf3 Kh5 63. Rxf5+ Kxh4 64. Rc5 Rb3+ 65. Ne3 Ra3 66. Rc8 Rb3 67. Rh8+ Kg5 68. Kf2 Rb2+ 69. Kg3 Rb3 70. Re8 Kh5 71. Re4 Kg5 72. Kf3 Kh5 73. Kf4 Kg6 74. h4 Rb1 75. Ng4 Rf1+ 76. Kg3 Rg1+ 77. Kh2 Ra1 78. Rb4 1-0


[Site "https://www.chess.com"]

[Event "Titled Tuesday Blitz July 25 Early 2023"]
[White "Wernberg, Hugo"]
[Black "Voege, Tobias"]
[WhiteFideId "1737511"]
[BlackFideId "1270513"]
[WhiteElo "2339"]
[BlackElo "2605"]
[Result "0-1"]
[Round "10"]
[TimeControl "180+2"]
[Date "2023.07.25"]
[WhiteClock "0:00:00"]
[BlackClock "0:00:37"]
[Board "137"]

1. d4 d5 2. c4 Nc6 3. cxd5 Qxd5 4. Nf3 e5 5. Nc3 Bb4 6. dxe5 Qxd1+ 7. Kxd1 Bg4 8. Bg5 h6 9. Bf4 O-O-O+ 10. Kc1 Nge7 11. e3 Ng6 12. Be2 Rhe8 13. a3 Bxc3 14. bxc3 Bxf3 15. gxf3 Ncxe5 16. Bg3 Rd5 17. Kc2 Red8 18. Rhd1 Rxd1 19. Rxd1 Rxd1 20. Kxd1 Nd7 21. f4 Ne7 22. Bd3 Nc5 23. Bc2 Nd5 24. Kd2 Nb6 25. Bd3 f6 26. Kc2 Kd7 27. Bf5+ Ke7 28. e4 Nc4 29. e5 Nxa3+ 30. Kd1 Nb5 31. Kd2 Na4 32. c4 Nd4 0-1


[Site "https://www.chess.com"]

[Event "Titled Tuesday Blitz July 25 Early 2023"]
[White "Ncatt"]
[Black "Kochiev, Ivan"]
[BlackFideId "2917890"]
[WhiteElo "2331"]
[BlackElo "2519"]
[Result "1/2-1/2"]
[Round "10"]
[TimeControl "180+2"]
[Date "2023.07.25"]
[WhiteClock "0:01:35"]
[BlackClock "0:00:16"]
[Board "138"]

1. e4 c5 2. Nf3 d6 3. Bb5+ Nc6 4. O-O Bd7 5. Re1 a6 6. Bf1 Bg4 7. c3 g6 8. h3 Bxf3 9. Qxf3 Bg7 10. d3 Nf6 11. Nd2 O-O 12. a4 Rb8 13. Nc4 b5 14. axb5 axb5 15. Ne3 b4 16. Bd2 Nd7 17. Nc4 Nde5 18. Nxe5 Nxe5 19. Qg3 Nc6 20. f4 bxc3 21. bxc3 Rb2 22. Qe3 Nd4 23. Rab1 Nc2 24. Rxb2 Nxe3 25. Rxe3 Bxc3 26. Bxc3 Qa8 27. d4 cxd4 28. Bxd4 Qa4 29. Rd3 Rc8 30. Rbd2 Rc1 31. Kf2 h5 32. Be2 Rc2 33. Rxc2 Qxc2 34. e5 dxe5 35. Bxe5 f6 36. Bd4 Kf7 37. Be3 h4 38. Rd2 Qc6 39. Bf3 Qc1 40. Bd5+ Kg7 41. Be4 Qh1 42. Rd7 Qh2 43. Rxe7+ Kh6 44. f5+ g5 45. Bf3 Qg1+ 46. Ke2 Qf1+ 47. Kd2 Qd3+ 48. Ke1 Qf1+ 49. Kd2 Qd3+ 50. Ke1 Qf1+ 51. Kxf1 1/2-1/2


[Site "https://www.chess.com"]

[Event "Titled Tuesday Blitz July 25 Early 2023"]
[White "Vifleemskaia, Svetlana"]
[Black "Altman, Joshua"]
[WhiteFideId "4129490"]
[BlackFideId "426210"]
[WhiteElo "2321"]
[BlackElo "2504"]
[Result "0-1"]
[Round "10"]
[TimeControl "180+2"]
[Date "2023.07.25"]
[WhiteClock "0:00:11"]
[BlackClock "0:00:18"]
[Board "139"]

1. d4 c5 2. d5 Nf6 3. Nc3 g6 4. e4 d6 5. Bb5+ Bd7 6. a4 a6 7. Bd3 Bg7 8. h3 O-O 9. Nf3 e6 10. O-O exd5 11. exd5 Ne8 12. Bg5 f6 13. Bf4 f5 14. Re1 h6 15. Nd2 Bc8 16. Nc4 g5 17. Bd2 Nd7 18. Qh5 Rb8 19. Ne3 Nef6 20. Qg6 Ne5 21. Bxf5 Nxg6 22. Bxg6 b5 23. axb5 axb5 24. Nf5 Bxf5 25. Bxf5 b4 26. Be6+ Kh8 27. Ne2 Ne4 28. Be3 Bxb2 29. Ra7 Qf6 30. f3 Nc3 31. Ng3 Ra8 32. Rd7 Rfd8 33. Rf7 Qg6 34. Nf5 Rf8 35. Ne7 Qxf7 36. Bxf7 Rxf7 37. Nc6 Ra1 38. Rxa1 Bxa1 39. Nd8 Rd7 40. Ne6 Nxd5 41. Bd2 c4 42. Kf2 b3 43. cxb3 cxb3 44. Bc1 b2 45. Bxb2+ Bxb2 46. g3 Re7 47. Nd8 Bd4+ 48. Kg2 Ne3+ 49. Kh1 Nf1 50. Kg2 Nd2 51. Nc6 Re2+ 52. Kh1 Nxf3 0-1


[Site "https://www.chess.com"]

[Event "Titled Tuesday Blitz July 25 Early 2023"]
[White "Tsyhanchuk, Stanislav"]
[Black "Goffredo_Fofi"]
[WhiteFideId "13505130"]
[WhiteElo "2313"]
[BlackElo "2488"]
[Result "0-1"]
[Round "10"]
[TimeControl "180+2"]
[Date "2023.07.25"]
[WhiteClock "0:00:12"]
[BlackClock "0:00:11"]
[Board "140"]

1. c4 g6 2. Nc3 Bg7 3. d4 d6 4. e4 c5 5. d5 Bxc3+ 6. bxc3 e5 7. f4 Qf6 8. Bd3 exf4 9. Qc2 Ne7 10. Nf3 g5 11. O-O Bg4 12. Nxg5 Qxg5 13. Bxf4 Qh5 14. Bxd6 Nd7 15. Rae1 Nc8 16. Bg3 Ne5 17. h3 Bd7 18. Be2 Qg5 19. Bf4 Qg7 20. Bh5 Nd6 21. Qf2 O-O 22. Bxe5 Qxe5 23. Qxc5 Rfc8 24. Qf2 Rxc4 25. Bxf7+ Kh8 26. Qh4 Be8 27. Be6 Bg6 28. Rf6 Rxe4 29. Rxe4 Qxe4 30. Qh6 Qe1+ 31. Kh2 Qe5+ 32. Rf4 Qg7 33. Qg5 Nf7 34. Bxf7 Bxf7 35. Qf5 Bg6 36. Qe6 Rf8 37. Rf6 Rxf6 38. Qxf6 Qxf6 39. h4 Qe5+ 40. Kg1 Be4 41. h5 Bxd5 42. Kf2 Qxc3 43. g4 Bxa2 44. g5 Bf7 45. h6 Bg6 46. Kg2 a5 47. Kh2 a4 48. Kg2 a3 49. Kh2 a2 50. Kg2 a1=Q 51. Kh2 Qab2+ 52. Kh1 Qcc1# 0-1


[Site "https://www.chess.com"]

[Event "Titled Tuesday Blitz July 25 Early 2023"]
[White "Cooper, Aaron"]
[Black "Kirillov, Dmitry"]
[WhiteFideId "2634945"]
[BlackFideId "34180572"]
[WhiteElo "2295"]
[BlackElo "2461"]
[Result "1-0"]
[Round "10"]
[TimeControl "180+2"]
[Date "2023.07.25"]
[WhiteClock "0:02:05"]
[BlackClock "0:01:46"]
[Board "141"]

1. b4 e5 2. Bb2 Bxb4 3. Bxe5 Nc6 4. Bxg7 f6 5. Bxh8 Kf7 6. e3 Nge7 7. Qh5+ Ke6 8. Qxh7 d5 9. Nf3 Kd6 10. Bxf6 Bf5 11. Bxe7+ Nxe7 12. Qh6+ Kd7 13. Bd3 Bxd3 14. cxd3 Qf8 15. Qxf8 1-0


[Site "https://www.chess.com"]

[Event "Titled Tuesday Blitz July 25 Early 2023"]
[White "Rodriguez Fontecha, Marcos"]
[Black "AndresDelgado77"]
[WhiteFideId "2256576"]
[WhiteElo "2459"]
[BlackElo "2288"]
[Result "0-1"]
[Round "10"]
[TimeControl "180+2"]
[Date "2023.07.25"]
[WhiteClock "0:00:00"]
[BlackClock "0:00:16"]
[Board "142"]

1. e4 e6 2. d4 d5 3. Nc3 Nf6 4. Bg5 Bb4 5. e5 h6 6. Be3 Ne4 7. Qg4 Kf8 8. a3 Bxc3+ 9. bxc3 c5 10. Bd3 Qa5 11. Bd2 Nxd2 12. Kxd2 Nc6 13. Nf3 cxd4 14. Rab1 dxc3+ 15. Ke2 Qxa3 16. h4 b6 17. Rb3 Qa5 18. Rh3 Ba6 19. Rg3 Rg8 20. Bxa6 Qxa6+ 21. Ke1 Rc8 22. Qf4 Qa1+ 23. Ke2 Qa6+ 24. Ke1 Ne7 25. Nd4 Ke8 26. Rf3 Rf8 27. Nxe6 Qa1+ 28. Ke2 Qa6+ 29. Ke1 Rc4 30. Nxg7+ Kd8 31. Qc1 Ra4 32. Rb1 Re4+ 0-1


[Site "https://www.chess.com"]

[Event "Titled Tuesday Blitz July 25 Early 2023"]
[White "laimis61"]
[Black "Castella Garcia, Fausto"]
[BlackFideId "3501922"]
[WhiteElo "2286"]
[BlackElo "2445"]
[Result "0-1"]
[Round "10"]
[TimeControl "180+2"]
[Date "2023.07.25"]
[WhiteClock "0:00:00"]
[BlackClock "0:00:14"]
[Board "143"]

1. e4 c5 2. Nf3 d6 3. d4 cxd4 4. Nxd4 Nf6 5. Nc3 g6 6. Be2 Bg7 7. O-O O-O 8. Nb3 Nc6 9. Bg5 Be6 10. Kh1 a5 11. a4 Rc8 12. f4 Nb4 13. Bf3 Bc4 14. Rf2 e5 15. Rd2 exf4 16. Rxd6 Qe7 17. Bxf4 Rfd8 18. e5 Ne8 19. Nxa5 Nxd6 20. exd6 Qf6 21. Qd2 Ba6 22. Bxb7 Bxb7 23. Nxb7 Rd7 24. Na5 Nxc2 25. Rd1 Re8 26. Nc4 Nd4 27. Nd5 Qh4 28. Ne7+ Rexe7 29. dxe7 Rxe7 30. Bg3 Qg4 31. Re1 Rxe1+ 32. Bxe1 h5 33. a5 Nb3 34. Qd5 Qe2 35. Bf2 Qf1+ 36. Bg1 Bd4 37. Ne3 Bxe3 0-1


[Site "https://www.chess.com"]

[Event "Titled Tuesday Blitz July 25 Early 2023"]
[White "Barwinska, Ewa"]
[Black "Pasti, Aron"]
[WhiteFideId "21833761"]
[BlackFideId "785857"]
[WhiteElo "2281"]
[BlackElo "2436"]
[Result "1-0"]
[Round "10"]
[TimeControl "180+2"]
[Date "2023.07.25"]
[WhiteClock "0:00:10"]
[BlackClock "0:00:00"]
[Board "144"]

1. e4 e5 2. Nf3 Nc6 3. Bc4 Bc5 4. O-O Nf6 5. d3 O-O 6. c3 d5 7. exd5 Nxd5 8. h3 Re8 9. Re1 Bf5 10. b4 Bf8 11. Qb3 Be6 12. Nxe5 Nb6 13. Bxe6 Rxe6 14. d4 Nxe5 15. dxe5 Qh4 16. Nd2 Rg6 17. c4 Re8 18. Bb2 Rd8 19. Ne4 Be7 20. c5 Nd5 21. Rad1 c6 22. a3 Nf4 23. Rxd8+ Bxd8 24. Ng3 h6 25. Qd1 b6 26. Qf3 bxc5 27. bxc5 Ba5 28. Re4 1-0


[Site "https://www.chess.com"]

[Event "Titled Tuesday Blitz July 25 Early 2023"]
[White "Fernandez Bustamante, Leancy B."]
[Black "Ai, Evan"]
[WhiteFideId "3523870"]
[BlackFideId "2094770"]
[WhiteElo "2277"]
[BlackElo "2411"]
[Result "0-1"]
[Round "10"]
[TimeControl "180+2"]
[Date "2023.07.25"]
[WhiteClock "0:00:08"]
[BlackClock "0:00:38"]
[Board "145"]

1. e4 c5 2. Nf3 d6 3. c3 Nf6 4. h3 Nbd7 5. Bd3 a6 6. Bc2 b5 7. O-O Qc7 8. a4 Bb7 9. axb5 axb5 10. Rxa8+ Bxa8 11. Re1 e6 12. Na3 Bc6 13. d4 b4 14. Nb1 bxc3 15. Nxc3 cxd4 16. Nxd4 Be7 17. Nxc6 Qxc6 18. Ba4 Qb7 19. e5 dxe5 20. Rxe5 O-O 21. Re1 Nc5 22. Bc2 Rd8 23. Qe2 h6 24. Rd1 Rxd1+ 25. Qxd1 Na6 26. Qd4 Nb4 27. Bb1 Nbd5 28. Ne4 Qb4 29. Nxf6+ Nxf6 30. Qd1 h5 31. Qc2 g6 32. Bd2 Qb5 33. Bc3 Nd5 34. Bd4 Qb4 35. Qc8+ Bf8 36. Bc3 Qa4 37. Be4 Qxe4 38. Qa8 Nxc3 39. bxc3 Qxa8 0-1


[Site "https://www.chess.com"]